 Dungeon Crawl Stone Soup version 0.30.1-3-gfc49f6343a (webtiles) character file.

Game seed: 3971243797515755195

96 cdecastro the Cudgeller (level 4, -2/38 HPs)
             Began as an Armataur Warper on Aug 1, 2023.
             Slain by a gnoll
             ... wielding a +0 flail
              (7 damage)
             ... on level 2 of the Dungeon.
             The game lasted 00:04:34 (2138 turns).

cdecastro the Cudgeller (Armataur Warper)           Turns: 2138, Time: 00:04:35

Health: -2/38      AC:  4    Str: 19    XL:     4   Next: 41%
Magic:  6/6        EV:  9    Int: 13    God:
Gold:   121        SH:  0    Dex:  9    Spells: 6/6 levels left

rFire   . . .        a - +0 mace
rCold   . . .        (no shield)
rNeg    . . .        b - +0 leather armour
rPois   .            (no helmet)
rElec   .            (no cloak)
rCorr   .            (no gloves)
SInv    .            (no barding)
Will    .....        (no amulet)
Stlth   +            w - ring of wizardry
HPRegen 0.26/turn    (no ring)
MPRegen 0.10/turn

%: roll, wizardry (x1)
@: no status effects
A: large, rugged brown scales 3, deformed body, armoured tail, roll, long
tongue, awkward tongue
a: no special abilities


You were on level 2 of the Dungeon.
You visited 1 branch of the dungeon, and saw 3 of its levels.

You collected 190 gold pieces.
You spent 69 gold pieces at shops.

Inventory:

Hand Weapons
 a - a +0 mace (weapon)
Missiles
 d - 6 boomerangs of dispersal
 q - 3 poisoned darts (quivered)
 s - 5 boomerangs
Armour
 b - a +0 leather armour (worn)
Jewellery
 w - a ring of wizardry (left hand)
Scrolls
 c - a scroll of blinking
 g - 5 scrolls of identify {unknown}
 j - a scroll of teleportation {unknown}
 l - a scroll of enchant armour {unknown}
 m - a scroll of noise {unknown}
 o - a scroll of poison {unknown}
 p - a scroll of enchant weapon {unknown}
 r - a scroll of fear {unknown}
Potions
 e - a potion of might {unknown}
 f - 3 potions of berserk rage {unknown}
 h - 3 potions of mutation {unknown}
 i - a potion of flight {unknown}
 k - a potion of attraction {unknown}
 n - a potion of resistance {unknown}
 t - a potion of invisibility {unknown}
 u - a potion of degeneration {unknown}
 v - a potion of cancellation {unknown}


   Skills:
 - Level 1.7 Fighting
 + Level 4.3 Maces & Flails
 - Level 0.8 Throwing
 - Level 1.2 Armour
 - Level 1.3 Dodging
 - Level 1.7 Spellcasting
 - Level 3.0 Translocations


You had 6 spell levels left.
You didn't know any spells.
Your spell library contained the following spells:

 Spells                   Type           Power      Damage    Failure   Level
 Blink                    Tloc           16%        N/A       6%          2
 Lesser Beckoning         Tloc           16%        N/A       6%          2
 Teleport Other           Tloc           8%         N/A       11%         3
 Magic Dart               Conj           4%         1d3       12%         1
 Call Imp                 Summ           2%         N/A       19%         2
 Ensorcelled Hibernation  Hex/Ice        2%         N/A       19%         2
 Passwall                 Tmut/Erth      0%         N/A       19%         2
 Vhi's Electric Charge    Tloc/Air       10%        N/A       21%         3
 Manifold Assault         Tloc           8%         N/A       32%         4
 Mephitic Cloud           Conj/Pois/Air  1%         N/A       34%         3
 Swiftness                Air            1%         N/A       34%         3


Dungeon Overview and Level Annotations

Branches:
Dungeon (3/15)

Altars:
Uskayaw
Vehumet

Shops:
D:1 *


Innate Abilities, Weirdness & Mutations

You are completely covered in rugged brown scales. (AC +3, +7% HP)
Armour fits poorly on your strangely shaped body.
You have a long armoured tail.
You roll when moving toward enemies. (Rampage)
Your long tongue fully drains potion bottles. (2x potion effects)
Your tongue gives you trouble enunciating. (1.5x scroll delay)


Message History

The gnoll hits you with a +0 spear.
You thump the gnoll!
You kill the gnoll!
Things that are here:
a +0 spear; a gnoll corpse
Things that are here:
a +0 spear; a gnoll corpse
There is a stone staircase leading down, spattered with blood here.
You start resting.
HP restored.
You climb downwards.
The gnoll hits you with a +0 flail.
There is a stone staircase leading up here.
Unknown command.
The gnoll hits you with a +0 flail!
You climb upwards.
There is a stone staircase leading down, spattered with blood here.
Unknown command.
You barely miss the gnoll.
Your tail-slap misses the gnoll.
The gnoll closely misses you. The gnoll hits you with a +0 flail.
You barely miss the gnoll. The gnoll hits you with a +0 flail.
* * * LOW HITPOINT WARNING * * *
You hit the gnoll but do no damage. The gnoll hits you with a +0 flail.
* * * LOW HITPOINT WARNING * * *
You barely miss the gnoll. The gnoll hits you with a +0 flail.
* * * LOW HITPOINT WARNING * * *
You hit the gnoll. You tail-slap the gnoll.
The gnoll is moderately wounded.
The gnoll barely misses you.
You hit the gnoll.
Your tail-slap misses the gnoll.
The gnoll is severely wounded.
The gnoll hits you with a +0 flail!
* * * LOW HITPOINT WARNING * * *
The gnoll closely misses you.
You hit the gnoll.
The gnoll is almost dead.
The gnoll closely misses you.
You barely miss the gnoll.
Your tail-slap misses the gnoll.
The gnoll is almost dead.
The gnoll hits you with a +0 flail!
You die...

#......#..............#####.#
#.#.#.#.####..........>......
#.#.#.### #.##.....#######.#
#.#.#.# #.##.....#######.#
#.#.#.## #.##.............#
#.#.#..# #.##.....#########
#.#.##.# #.#......# #.#.##.##
#g#.###### #.#.#...## #@#.#
#.#..###.###.#.# #...##
##.##.#.# ########## #...#
#....#.#####......... ##..##
##.####......>....###.
##..###.#####.#####.###.##..
#)#...#............###.##..
#.##.##.###..###.....[.....
#.##.##.# #..# #.#####.....


You could see a gnoll.

Vanquished Creatures
  Terence (D:3)
  A gnoll (D:2)
  2 adders (D:2)
  A worm (D:2)
  2 dart slugs (D:1)
  6 ball pythons
  2 endoplasms
  A giant cockroach (D:1)
  5 goblins
  3 hobgoblins
  6 kobolds
  4 quokkas
  2 bats (D:1)
  A frilled lizard (D:3)
  A rat (D:1)
38 creatures vanquished.

Notes
Turn   | Place    | Note
-------+----------+-------------------------------------------
     0 | D:1      | cdecastro the Armataur Warper began the quest for the Orb.
     0 | D:1      | Reached XP level 1. HP: 18/18 MP: 3/3
    47 | D:1      | Reached skill level 2 in Maces & Flails
   185 | D:1      | Reached XP level 2. HP: 25/25 MP: 4/4
   198 | D:1      | Found Wawuh's Assorted Antiques.
   210 | D:1      | Bought a bubbling emerald potion for 21 gold pieces
   210 | D:1      | Bought a scroll labelled QICHESY SIWK for 24 gold pieces
   543 | D:1      | Reached skill level 3 in Maces & Flails
   720 | D:1      | Found a faded altar of an unknown god.
   743 | D:1      | Reached XP level 3. HP: 31/31 MP: 5/5
   992 | D:1      | Bought a scroll labelled ZIG TIENUIGGADUL for 24 gold
                  | pieces
  1855 | D:3      | Noticed Terence
  1870 | D:3      | Killed Terence
  1871 | D:3      | Reached skill level 4 in Maces & Flails
  1871 | D:3      | Reached XP level 4. HP: 26/38 MP: 6/6
  1990 | D:3      | Found a hide-covered altar of Uskayaw.
  1998 | D:3      | Found a radiant altar of Vehumet.
  2138 | D:2      | Slain by a gnoll

Illustrated notes

Levels and vault maps discovered:
D:1:      lemuel_arrival_river_bridge, layout_loops_ring,
          shapermc_ecumenical_altar_mp_ritualfount, serial_shops, shop,
          roderic_roman_lattice
D:2:      layout_loops_ring
D:3:      layout_loops_corners, jmf_multi_god_temple, kennysheep_generic_room_4,
          uniq_terence, uniq_robin

Skill      XL: |  1  2  3 |
---------------+----------+-----
Maces & Flails | 2 3 4 |  4.3
Fighting       | |  1.7
Throwing       | |  0.8
Armour         | |  1.2
Dodging        | |  1.3
Spellcasting   | |  1.7
Translocations | |  3.0

Action                     |  1- 3 |  4- 6 || total
---------------------------+-------+-------++-------
  Melee: Mace              |   114 |    25 ||   139
         Tailslap          |    21 |     1 ||    22
         Punch             |     1 |       ||     1
  Throw: Dart              |     5 |       ||     5
         Boomerang         |     1 |       ||     1
 Armour: Leather armour    |    48 |     3 ||    51
  Dodge: Dodged            |    45 |    12 ||    57
